Cogmind - Beta 12 @@@ ROGUE MODE // 2023.04.19 @ 23:57:39 Player: MoonDog Result: Destroyed by Y-45 Defender with Beam Rifle Performance ------------- Evolutions (2) 1000 Regions Visited (5) 1000 Robots Destroyed (20) 100 Value Destroyed (395) 395 Prototype IDs (0) 0 Alien Tech Used (0) 0 Bonus (0) 0 TOTAL SCORE: 2495 Bonus ------- None Cogmind --------- Core Integrity 0/550 Matter 300/300 Energy 100/100 System Corruption 9% Temperature Cool (46) Movement Core (50) Location -8/Materials Parts ------- > --- POWER (1) -------- (None) > --- PROPULSION (3) --- (None) > --- UTILITY (5) ------ Improved Signal Interpreter > --- WEAPON (2) ------- (None) > --- INVENTORY (5) ---- Light Deuterium Engine Nuclear Core Small Storage Unit Advanced Weight Redist. System Hacking Suite Peak State ------------ > --- POWER ------------ Nuclear Core > --- PROPULSION ------- Armored Wheel Armored Wheel Armored Wheel > --- UTILITY ---------- Melee Analysis Suite > --- WEAPON ----------- Katana > --- INVENTORY -------- Nuclear Core Small Storage Unit Hacking Suite [Rating: 15] Favorites ----------- Power Light Ion Engine Engine Light Ion Engine Power Core Nuclear Core Propulsion Flight Unit Wheel Armored Wheel Flight Unit Flight Unit Utility Improved Signal Interpreter Device Weight Redist. System Storage Small Storage Unit Processor Improved Signal Interpreter Weapon Mace Energy Gun EM Pulse Gun Impact Weapon Mace Slashing Weapon Katana Build | -11 -10 -10 -9 -9 -8 ------- Run | Jun Mat Min Mat Min Mat Slots Evolved 4 | . . . 2 . 2 Power . | . . . . . . Propulsion 1 | . . . . . 1 Utility 3 | . . . 2 . 1 Weapon . | . . . . . . Parts Attached 33 | 3 10 3 2 1 14 Power 7 | . 2 1 1 . 3 Engine 4 | . 2 1 1 . . Core 3 | . . . . . 3 Reactor . | . . . . . . Propulsion 9 | 2 1 1 . . 5 Treads . | . . . . . . Leg . | . . . . . . Wheel 6 | 2 . . . . 4 Hover . | . . . . . . Flight 3 | . 1 1 . . 1 Utility 7 | . 2 . 1 . 4 Device 2 | . . . 1 . 1 Storage 3 | . 2 . . . 1 Processor 2 | . . . . . 2 Hackware . | . . . . . . Protection . | . . . . . . Artifact . | . . . . . . Weapon 10 | 1 5 1 . 1 2 Energy Gun 8 | 1 5 1 . 1 . Energy Cannon . | . . . . . . Ballistic Gun . | . . . . . . Ballistic Cannon . | . . . . . . Launcher . | . . . . . . Special Weapon . | . . . . . . Impact Weapon 1 | . . . . . 1 Slashing Weapon 1 | . . . . . 1 Piercing Weapon . | . . . . . . Special Melee Weapon . | . . . . . . Unidentified Prototypes . | . . . . . . Parts Lost 17 | . . 1 1 4 11 Power 3 | . . . . 1 2 Propulsion 7 | . . 1 . 1 5 Utility 3 | . . . . 1 2 Weapon 4 | . . . 1 1 2 Highest Loss Streak 4 | . . 1 1 4 3 To Critical Strikes . | . . . . . . Average Slot Usage (%) 33 | . 35 35 33 20 37 Engine 4 | . 14 11 4 4 . Core 2 | . . . . . 5 Wheel 4 | . 4 . . . 6 Flight 7 | . 11 17 11 7 2 Device 2 | . . . 6 7 2 Storage 1 | . 1 . . . 2 Processor 4 | . . . . . 8 Energy Gun 2 | . 3 7 11 . . Impact Weapon 2 | . . . . . 4 Slashing Weapon 2 | . . . . . 4 Naked Turns 52 | . . . . 48 4 Heaviest Build 17 | 2 17 5 5 4 14 Greatest Support 36 | 3 20 8 10 10 36 Greatest Overweight (x) 4 | . 1 1 . . 4 Average Overweight (x) . | . . . . . . Largest Inventory Capacity 15 | 5 15 5 5 5 8 Average Capacity 5 | 5 5 5 5 5 5 Most Carried 5 | 3 5 5 4 5 5 Average Carried 3 | 2 4 4 3 3 4 Final Capacity 5 | 5 5 5 5 5 5 Final Carried 5 | 3 5 4 3 4 5 Class Distribution -------------------- 100% | Mutant Dominant Class ---------------- Mutant | -10/Materials Mutant | -10/Mines Mutant | -9/Materials Mutant | -9/Mines Mutant | -8/Materials Resources | -11 -10 -10 -9 -9 -8 ----------- Run | Jun Mat Min Mat Min Mat Matter Collected 494 | 230 50 13 . 83 118 Remotely . | . . . . . . Salvage Created 611 | 125 50 49 . . 387 Parts 41 | 9 5 5 . . 22 Haulers Intercepted 1 | . . . . . 1 Recyclers Shooed . | . . . . . . Parts Field Recycled . | . . . . . . Retrieved Matter . | . . . . . . Parts Self-Destructed . | . . . . . . Prevented . | . . . . . . Kills | -11 -10 -10 -9 -9 -8 ------- Run | Jun Mat Min Mat Min Mat Combat Hostiles Destroyed 13 | . . 3 . . 10 Melee 9 | . . . . . 9 Guns 2 | . . 2 . . . AOE 1 | . . 1 . . . Classes Destroyed 7 | 2 2 1 . . 2 Tunneler 2 | 2 . . . . . Hauler 1 | . . . . . 1 Recycler 1 | 1 . . . . . Operator 2 | . 1 . . . 1 Watcher 1 | . 1 . . . . Swarmer 8 | . . 3 . . 5 Grunt 5 | . . . . . 5 Best Kill Streak 4 | 2 1 3 . . 4 Combat Bots Only 4 | . . 3 . . 4 Max Kills in Single Turn 1 | 1 1 1 . . 1 Gunslinging . | . . . . . . Exploded 1 | . . 1 . . . Melee 1 | . . . . . 1 Uniques/NPCs Destroyed . | . . . . . . Combat | -11 -10 -10 -9 -9 -8 -------- Run | Jun Mat Min Mat Min Mat Damage Taken 1990 | . 20 94 34 403 1439 Core 919 | . 10 48 22 275 564 Absorbed by Shields . | . . . . . . Core Remaining (%) 67 | 100 . 76 . 25 . Volleys Fired 33 | 13 8 10 2 . . Largest 1 | 1 1 1 1 . . Hottest 40 | 40 40 40 40 . . Shots Fired 33 | 13 8 10 2 . . Gun 33 | 13 8 10 2 . . Cannon . | . . . . . . Launcher . | . . . . . . Special . | . . . . . . Kinetic . | . . . . . . Thermal . | . . . . . . Explosive . | . . . . . . Electromagnetic 33 | 13 8 10 2 . . Robot Hit Streak 5 | 5 3 2 3 . . Robot Miss Streak 5 | 3 1 5 . . . Penetration Max . | . . . . . . Secondary Targets . | . . . . . . Shots Hit Robots 52 | 8 6 3 2 . 33 Core Hits 23 | 4 2 3 . 2 12 Critical Kills . | . . . . . . Critical Parts Destroyed 1 | . . . . . 1 Critical Strikes 4 | . . . . . 4 Smash 1 | . . . . . 1 Sever 3 | . . . . . 3 Melee Attacks 75 | . . . . . 75 Impact 32 | . . . . . 32 Slashing 43 | . . . . . 43 Piercing . | . . . . . . Sneak Attacks 2 | . . . . . 2 Combat Hostiles . | . . . . . . Follow-up Attacks . | . . . . . . Damage Inflicted 1492 | 105 121 56 27 14 1169 Guns 285 | 105 121 32 27 . . Cannons . | . . . . . . Explosions 24 | . . 24 . . . Melee 1169 | . . . . . 1169 Ramming 14 | . . . . 14 . Kinetic . | . . . . . . Thermal 24 | . . 24 . . . Explosive . | . . . . . . Electromagnetic 285 | 105 121 32 27 . . Impact 150 | . . . . . 150 Slashing 1019 | . . . . . 1019 Piercing . | . . . . . . Highest Corruption 9 | . 1 1 . . 9 Average Corruption 2 | . 1 1 . . 6 Corruption Purged . | . . . . . . Corruption Blocked . | . . . . . . Effects 6 | . 1 1 . . 4 Matter Fused 3 | . . 1 . . 2 Heat Flow Errors 2 | . . . . . 2 Data Loss (minor) 1 | . 1 . . . . Overload Shots . | . . . . . . Overflow Damage 88 | . . . . . 88 Projectiles . | . . . . . . Explosions . | . . . . . . Melee 88 | . . . . . 88 Knockbacks . | . . . . . . Impact . | . . . . . . Kinetic . | . . . . . . Secondary . | . . . . . . Self-Inflicted Damage 6 | . . . . 6 . Shots . | . . . . . . Rammed 5 | . . . . 5 . Targets Rammed 5 | . . . . 5 . Kicked . | . . . . . . Crushed . | . . . . . . Highest Temperature 143 | . 23 11 . . 143 Average Temperature 31 | . 5 7 . . 76 Received Heat Transfer 440 | . . 18 18 26 378 Siege Activations . | . . . . . . Robots Corrupted . | . . . . . . Combat Hostiles . | . . . . . . Parts Fried 4 | 2 . . . . 2 Impact Corruptions 3 | . . . . . 3 Robots Melted . | . . . . . . Combat Hostiles . | . . . . . . Parts Melted . | . . . . . . Heat Transferred . | . . . . . . Parts Sabotaged . | . . . . . . Parts Stolen . | . . . . . . Parts Stripped . | . . . . . . Power Chain Reactions 1 | . . 1 . . . Missiles Intercepted . | . . . . . . Alert | -11 -10 -10 -9 -9 -8 ------- Run | Jun Mat Min Mat Min Mat Peak Influence 378 | 15 161 153 75 75 378 Initial 62 | . 9 62 55 25 29 Average 114 | 6 80 99 65 30 175 Maximum Alert Level 1 | . . . . . 1 Low Security (%) 83 | 100 100 100 100 100 65 Level 1 16 | . . . . . 34 Level 2 . | . . . . . . Level 3 . | . . . . . . Level 4 . | . . . . . . Level 5 . | . . . . . . High Security . | . . . . . . Max Security . | . . . . . . Squads Dispatched 5 | . . . . . 5 Investigation 1 | . . . . . 1 Extermination . | . . . . . . Reinforcement 1 | . . . . . 1 Assault . | . . . . . . Garrison 3 | . . . . . 3 Intercept . | . . . . . . Searches Triggered . | . . . . . . Construction Impeded . | . . . . . . Haulers Reinforced . | . . . . . . Active Scanning Responses . | . . . . . . Cargo Convoy Interrupts . | . . . . . . Stealth | -11 -10 -10 -9 -9 -8 --------- Run | Jun Mat Min Mat Min Mat Distress Signals 5 | . 1 . 1 . 3 Communications Jammed . | . . . . . . Distress Signals . | . . . . . . Times Spotted 80 | . 9 5 8 26 32 Peak Tracking Total 11 | . 5 2 11 11 9 Tactical Retreats 11 | . . . . 5 6 Traps | -11 -10 -10 -9 -9 -8 ------- Run | Jun Mat Min Mat Min Mat Traps Triggered . | . . . . . . Indirectly . | . . . . . . Trap Hack Attempts . | . . . . . . Triggered . | . . . . . . Disarmed . | . . . . . . Reprogrammed . | . . . . . . Reused . | . . . . . . Traps Extracted . | . . . . . . Installed . | . . . . . . Triggered . | . . . . . . Machines | -11 -10 -10 -9 -9 -8 ---------- Run | Jun Mat Min Mat Min Mat Machines Disabled 1 | . . 1 . . . Max in Single Turn 1 | . . 1 . . . Machines Repaired . | . . . . . . Machines Sabotaged . | . . . . . . Overloaded Fab Kills . | . . . . . . Hacking | -11 -10 -10 -9 -9 -8 --------- Run | Jun Mat Min Mat Min Mat Machines Accessed 14 | . 5 . 2 . 7 Terminals 13 | . 5 . 2 . 6 Fabricators . | . . . . . . Repair Stations . | . . . . . . Recycling Units . | . . . . . . Scanalyzers 1 | . . . . . 1 Garrison Access . | . . . . . . Total Hacks 47 | . 14 . 9 . 24 Successful 21 | . 7 . 4 . 10 Failed 26 | . 7 . 5 . 14 Catastrophic 3 | . 2 . 1 . . Database Lockouts . | . . . . . . Manual 46 | . 14 . 9 . 23 Terminals 46 | . 14 . 9 . 23 Fabricators . | . . . . . . Repair Stations . | . . . . . . Recycling Units . | . . . . . . Scanalyzers 1 | . . . . . 1 Garrison Access . | . . . . . . Terminal Hacks 2 | . . . 1 . 1 Terminal Index 2 | . . . 1 . 1 Fabricator Hacks . | . . . . . . Repair Station Hacks . | . . . . . . Recycling Unit Hacks . | . . . . . . Scanalyzer . | . . . . . . Garrison Access Hacks . | . . . . . . Unauthorized Hacks 19 | . 7 . 3 . 9 Terminals 19 | . 7 . 3 . 9 Track 2 | . . . 1 . 1 Assimilate 1 | . 1 . . . . Botnet 13 | . 5 . 2 . 6 Operators 3 | . 1 . . . 2 Fabricators . | . . . . . . Repair Stations . | . . . . . . Recycling Units . | . . . . . . Scanalyzers . | . . . . . . Garrison Access . | . . . . . . Data Cores Recovered 1 | . 1 . . . . Used 1 | . 1 . . . . Hacking Detections 14 | . 5 . 2 . 7 Full Trace Events 2 | . 1 . . . 1 Feedback Events 1 | . 1 . . . . Corruption 1 | . 1 . . . . Feedback Blocked . | . . . . . . Robot Schematics Acquired . | . . . . . . Robots Built . | . . . . . . Authchips . | . . . . . . Time . | . . . . . . Total Robot Build Rating . | . . . . . . Part Schematics Acquired . | . . . . . . Parts Built . | . . . . . . Authchips . | . . . . . . Time . | . . . . . . Total Part Build Rating . | . . . . . . Parts Repaired . | . . . . . . Time . | . . . . . . Parts Recycled . | . . . . . . Recycled Matter . | . . . . . . Retrieved Matter . | . . . . . . Retrieved Components . | . . . . . . Parts Scanalyzed . | . . . . . . Part Schematics Acquired . | . . . . . . Parts Damaged . | . . . . . . Bothacking | -11 -10 -10 -9 -9 -8 ------------ Run | Jun Mat Min Mat Min Mat Used RIF Installer . | . . . . . . Robots Hacked . | . . . . . . Non-combat . | . . . . . . Combat . | . . . . . . Robot Hacks Applied . | . . . . . . Relay Couplers Released . | . . . . . . Fabnet Peak Effective % . | . . . . . . Robots Rewired . | . . . . . . Allies Hacked . | . . . . . . Hacks Repelled . | . . . . . . Allies | -11 -10 -10 -9 -9 -8 -------- Run | Jun Mat Min Mat Min Mat Total Allies 3 | . . . . 3 . Largest Group 3 | . . . . 3 . Highest-Rated Group 40 | . . . . 40 . Highest-Rated Ally 16 | . . . . 16 . Total Orders . | . . . . . . Ally Attacks 8 | . . . . 8 . Total Damage 65 | . . . . 65 . Kills 1 | . . . . 1 . Allies Corrupted 1 | . . . . 1 . Allies Melted . | . . . . . . Intel | -11 -10 -10 -9 -9 -8 ------- Run | Jun Mat Min Mat Min Mat Robot Analysis Total . | . . . . . . Derelict Logs Recovered 1 | . . . . 1 . Drone Launches . | . . . . . . Drone Recoveries . | . . . . . . Exploration | -11 -10 -10 -9 -9 -8 ------------- Run | Jun Mat Min Mat Min Mat Turns Passed 1173 | 70 206 141 46 167 543 Spaces Moved 1640 | 53 366 292 99 334 496 Core 333 | 53 . . . 105 175 Treads . | . . . . . . Legs . | . . . . . . Wheels 143 | . 35 . . . 108 Hover . | . . . . . . Flight 1164 | . 331 292 99 229 213 Fastest Speed 37 | 50 40 37 40 40 40 Average Speed 48 | 50 44 39 40 43 60 Slowest Speed 250 | 50 120 120 40 50 250 Overloaded Moves . | . . . . . . Propulsion Burnouts . | . . . . . . Robots Hopped 10 | . 4 4 1 . 1 Cave-ins Triggered 2 | . . . . . 2 Exploration Rate (%) 44 | 3 58 56 19 76 53 Regions Visited 5 Branch Regions 2 Pre-discovered Areas . | . . . . . . Known Exits Taken . | . . . . . . Unknown Exits Taken 5 | 1 1 1 1 1 . Scrap Searched . | . . . . . . Spaces Dug 28 | . . . . . 28 Terrain Destroyed 34 | . . 6 . . 28 Melee 28 | . . . . . 28 Projectile . | . . . . . . AOE 6 | . . 6 . . . Terrain Rammed . | . . . . . . Walls Destroyed . | . . . . . . Machines Disabled . | . . . . . . Actions | -11 -10 -10 -9 -9 -8 --------- Run | Jun Mat Min Mat Min Mat Total 1857 | 81 400 304 101 356 615 Wait 53 | 10 5 . . 14 24 Move 1613 | 52 357 283 96 333 492 Hop 10 | . 4 4 1 . 1 Pick Up 12 | 3 2 1 . 2 4 Fast Attach 19 | 3 3 1 1 1 10 Attach 14 | . 7 2 1 . 4 Detach 13 | . 10 1 . . 2 Swap . | . . . . . . Drop 8 | . 4 2 . 1 1 Fire 33 | 13 8 10 2 . . Melee 75 | . . . . . 75 Ram 5 | . . . . 5 . Kick . | . . . . . . Crush . | . . . . . . Escape Stasis 2 | . . . . . 2 Rewire . | . . . . . . Trap . | . . . . . . Miscellaneous . | . . . . . . Route ------- -11/Junkyard -10/Materials -10/Mines -9/Materials -9/Mines -8/Materials (discovered 1 exit: *Fac) History --------- Turn | Location | Event 4 | -11/Junkyard | Discovered new exit (range 16) 71 | -11/Junkyard | Entered Materials 262 | -10/Materials | Discovered new exit (range 6) 277 | -10/Materials | Entered Mines 307 | -10/Mines | Build established: Mutant 410 | -10/Mines | Discovered new exit (range 14) 418 | -10/Mines | Entered Materials 418 | -9/Materials | Evolved 2 slots: Utility x2 454 | -9/Materials | Discovered new exit (range 9) 464 | -9/Materials | Entered Mines 478 | -9/Mines | Discovered new exit (range 2) 480 | -9/Mines | Learned Materials trap positions 498 | -9/Mines | Assisted by bots powering up and referring to "LRC-V3" 507 | -9/Mines | Assembled infested the area 578 | -9/Mines | Core integrity fell below 50% 614 | -9/Mines | Lost 4 parts (1p1n1u1w) 631 | -9/Mines | Entered Materials 631 | -8/Materials | Evolved 2 slots: Propulsion x1, Utility x1 632 | -8/Materials | Loaded intel: 17 trap records 733 | -8/Materials | Lost 3 parts (1p2n) 762 | -8/Materials | Garrison activated, responded to threat 812 | -8/Materials | Core integrity fell below 50% 1039 | -8/Materials | Discovered new exit (range 7) 1041 | -8/Materials | Identified exit to Factory 1084 | -8/Materials | Crushed by falling debris 1116 | -8/Materials | Crushed by falling debris 1117 | -8/Materials | Core integrity fell below 20% 1174 | -8/Materials | Destroyed by Y-45 Defender with Beam Rifle Last Messages --------------- Terminal linked with 4 systems. Awaiting botnet instructions. 01140_ System corrupted: Heat flow error (+152). 01143_ W-25 Informer sends out distress signal. 01146_ Connecting with Terminal... >>Trojan(Botnet) Trojan loaded successfully. Testing... Terminal linked with 5 systems. Awaiting botnet instructions. 01149_ ALERT: Hostiles spotted, dispatching reinforcements to Terminal M005. 01153_ Sneak attack on O-16 Technician. 01153_ Destroyed Lgt. Ion Engine. 01153_ O-16 Technician system corrupted by crushing effect. 01153_ Hacking Suite fried. 01153_ O-16 Technician destroyed. 01157_ Acquired 8 matter. 01166_ Critical hit (Burn: +37). 01168_ Mace destroyed. 01169_ System corrupted: Heat flow error (+174). Map ----- +----------------------------------------------------+ | | | | | | | | | | | | | | | | | | | | | | | | | | | | | ???????????????##########????????????????????????? | | ???????????????# ????????????????????????? | | ???????????????# = ???????????????????????? | | ################/ ![! "???????????????????????? | | # T # ! ! #? ![! """?????????????????????? | | # %= # !#?? [[ """?????????????????????? | | # # """ #??? ""??????????????????????? | | #] # "R #????? ""??????????????????????? | | # # """ #?????? ???????????????????????? | | " # ????????? ???????????????????????? | | # ###+##???????####a####????????????????????? | | # """ ## ######### @ #????????????????????? | | # """ / #????????????????????? | | # """ ## ######### #????????????????????? | | # """ ### ##???????# Y #????????????????????? | | # """ #?# #????????# #????????????????????? | | # ### ###??????# t #????????????????????? | | #####+## #??????# #????????????????????? | | #??????### ###????????????????????? | | T #????????# #??????????????????????? | | #????????# #??????????????????????? | | ##### #????????# #??????????????????????? | | ????#######????????# #??????????????????????? | | ???????????????????? ??????????????????????? | | ???????????????????? ??????????????????????? | | ????????????????????? Y ?????????????????????? | | ?????????????????????? ??????????????????????? | | ??????????????????????? ???????????????????????? | | ?????????????????????????????????????????????????? | | ?????????????????????????????????????????????????? | | ?^???????????????????????????????????????????????? | | ?????????????????????????????????????????????????? | | ?????????????????????????????????????????????????? | | ?????????????????????????????????????????????????? | | ?????????????????????????????????????????????????? | | ?????????????????????????????????????????????????? | +----------------------------------------------------+ Best States ------------- Heat Dissipation 31 Energy Generation 14 Energy Capacity 250 Matter Stores 300 Matter Capacity 300 Sight Range 16 Terrain Scan Density 10 Additional Mass Support 6 Evasion (%) 62 Melee Accuracy 5 Item Schematics ----------------- None Robot Schematics ------------------ None Fabricated ------------ Nothing Alien Tech Used ----------------- None Achievements -------------- None Challenges ------------ None Game ------ Seed EnergyEnhancedEngine Manual? 0 Play Time 00:25:22 Cumulative 119.3 hours Start 2023.04.19 @ 23:33:30 End 2023.04.19 @ 23:57:39 Sessions 1 Manual Loads 0 Difficulty Rogue Special Mode None Game No. 99 Rogue 99 Adventurer 0 Explorer 0 Win Type - Total 1 Types 1/0/0/0/0/0/0/0/0 Lore% 38 Gallery% 53 Achievement% 46 Wizard Run 0 Options --------- ASCII 0 Keyboard 0 Movement Numpad Keybinds 0 Fullscreen 0 Font 20/Cog Map View 183x50 Tactical HUD 1 Map Filters NONE Filters NONE Steam 1 RUN: 72970c93-2478-4b74-97a5-b1c94c8b8331